 Dungeon Crawl Stone Soup version 0.13-a0-3016-gcb2faac (webtiles) character file.

308 deflatedudder the Magician (level 4, -1/25 HPs)
             Began as an Octopode Wizard on Sept 14, 2013.
             Slain by an orc
             ... wielding a +0,+1 orcish hand axe
              (11 damage)
             ... on Level 3 of the Dungeon.
             The game lasted 00:04:33 (3271 turns).

deflatedudder the Magician (Octopode Wizard)        Turns: 3271, Time: 00:04:33

HP  -1/25        AC  1     Str  6      XL: 4   Next: 98%
MP   2/13        EV 12     Int 21      God:
Gold 194         SH  0     Dex 10      Spells:  5 memorised,  3 levels left

Res.Fire  : . . .   See Invis. : .   (no weapon)
Res.Cold  : . . .   Warding    : .   (no shield)
Life Prot.: . . .   Conserve   : .   b - +0 wizard hat
Res.Poison: .       Res.Corr.  : .   (no amulet)
Res.Elec. : .       Clarity    : .   (no ring)
Sust.Abil.: . .     Spirit.Shd : .   (no ring)
Res.Mut.  : .       Stasis     : .   (no ring)
Res.Rott. : .       Flight     : .   (no ring)
Saprovore : . . .                    (no ring)
                                     (no ring)
                                     (no ring)
                                     (no ring)

@: very slightly contaminated, slightly resistant to hostile enchantments,
stealthy
A: almost no armour, amphibious, 8 rings, constrict 8, camouflage 1, AC +1
a: no special abilities


You were on level 3 of the Dungeon.
You were hungry.

You visited 1 branch of the dungeon, and saw 3 of its levels.

You collected 174 gold pieces.

Inventory:

Armour
 b - a +0 wizard hat (worn)
Comestibles
 f - a chunk of goblin flesh
 I - 2 royal jellies
 K - a meat ration
 L - a sausage
 M - an apple
 N - 4 bread rations
Scrolls
 a - a scroll of recharging {unknown}
 j - a scroll of amnesia
 k - a scroll of teleportation
 l - a scroll of magic mapping {unknown}
 n - 3 scrolls of identify
Potions
 d - a potion of heal wounds
 e - 2 potions of resistance {unknown}
 g - a potion of agility {unknown}
Books
 c - a book of Minor Magic

   Spells                             Type                      Level
   *Magic Dart                        Conjuration                  1
   *Blink                             Translocation                2
   Call Imp                           Summoning                    2
   *Repel Missiles                    Charms/Air                   2
   *Slow                              Hexes                        2
   Conjure Flame                      Conjuration/Fire             3
   *Mephitic Cloud                    Conjuration/Poison/Air       3


   Skills:
 - Level 2.0 Dodging
 - Level 2.6 Stealth
 * Level 5.1 Spellcasting
 - Level 1.0 Conjurations
   Level 1.0 Summonings
 - Level 1.0 Translocations


You had 3 spell levels left.
You knew the following spells:

 Your Spells              Type           Power        Failure   Level  Hunger
a - Magic Dart            Conj           #...         10%         1    None
b - Blink                 Tloc           N/A          12%         2    None
c - Repel Missiles        Chrm/Air       #.........   17%         2    None
d - Slow                  Hex            #.......     17%         2    None
e - Mephitic Cloud        Conj/Pois/Air  #.......     30%         3    ##.....


Dungeon Overview and Level Annotations

Branches:
Dungeon (3/27)

Altars:
Kikubaaqudgha


Innate Abilities, Weirdness & Mutations

You cannot wear most types of armour.
You are amphibious.
You can wear up to eight rings at the same time.
You can use your tentacles to constrict many enemies at once.
Your skin changes colour to match your surroundings (Stlth).
Your rubbery body absorbs attacks (AC +1).


Message History

Press: ? - help, Shift-Dir - straight line, f/p - orc
Aim: an orc, wielding an orcish hand axe and wearing an orcish leather armour (severely wounded)
The magic dart hits the orc.
The orc is severely wounded.
You are feeling hungry.
The orc barely misses you.
Unknown command.
You hit the orc but do no damage. You grab the orc.
The orc is severely wounded.
You constrict the orc, but do no damage.
The orc hits you with an orcish hand axe!
You hit the orc but do no damage.
The orc is heavily wounded.
You constrict the orc.
The orc hits you with an orcish hand axe.
You hit the orc but do no damage.
The orc is severely wounded.
You constrict the orc, but do no damage.
The orc hits you with an orcish hand axe!
You die...

##...# #.###..... #...#
#....#.#.. #####
#....#.#.. #....#.#..
#..###.# . #### ##.###[#
.##... #...##.#
....)..#########...##.#..
..!....o@................
##...#)....#...##.###.##.
.........(.......###.##.
......................#.
###...#...####...##.....
#.......#......##.....
#.......#..)...<..#...
...........)...........
######...####......###.


You could see an orc.

Vanquished Creatures
  4 adders
  A giant mite (D:1)
  A worm (D:2)
  A giant gecko (D:1)
  2 oozes
  2 orcs (D:3)
  3 giant cockroaches
  8 hobgoblins
  A quokka (D:2)
  A ball python (D:1)
  9 bats
  5 giant newts
  10 goblins
  8 kobolds
  7 rats
63 creatures vanquished.

Notes
Turn   | Place    | Note
--------------------------------------------------------------
     0 | D:1      | deflatedudder, the Octopode Wizard, began the quest for the Orb.
     0 | D:1      | Reached XP level 1. HP: 9/9 MP: 5/5
    20 | D:1      | Reached XP level 2. HP: 5/15 MP: 1/7
   704 | D:1      | Reached XP level 3. HP: 17/19 MP: 1/9
   737 | D:1      | Reached skill level 4 in Spellcasting
   876 | D:1      | Learned a level 2 spell: Blink
   879 | D:1      | Learned a level 2 spell: Repel Missiles
   882 | D:1      | Learned a level 2 spell: Slow
   886 | D:1      | Learned a level 3 spell: Mephitic Cloud
  1747 | D:2      | Reached XP level 4. HP: 13/25 MP: 8/12
  2542 | D:3      | Reached skill level 5 in Spellcasting
  2602 | D:3      | HP: 1/25 [poisoned by an adder]
  2989 | D:3      | Found an ancient bone altar of Kikubaaqudgha.
  3271 | D:3      | Slain by an orc

Action                   |  1- 3 |  4- 6 || total
-------------------------+-------+-------++-------
Melee: Unarmed           |    20 |    17 ||    37
 Cast: Magic Dart        |    85 |    92 ||   177
  Use: Scroll            |       |     8 ||     8
